cohdb
Replays
Latest Replays
All Replays
Popular Replays
Top Player Replays
Match Explorer
How It Works
Community
CoH3 Stats
Reddit
Sign in to upload your games and track your stats! →
Sign in with Steam
Match 44437292
Unlisted
Match 44437292
Overview
Messages
Build Orders
End
Pioneer Squad
Construct Infanterie Kompanie
Selects Breakthrough Battlegroup
Selects Assault Grenadiers
Grenadier Squad
Grenadier Squad
Grenadier Squad
Selects Rapid Production
Construct Luftwaffe Kompanie
221 Scout Car
Selects Breakthrough
Flak 30 Anti-aircraft Gun Team
MG 42 Machine Gun Team
Jäger Squad
Jäger Squad
Selects Blitzkrieg
Construct Panzer Kompanie
Medical Bunker
Panzer IV Medium Tank
咚咚锵个腿
ArmouredTopHat
0
0
Comments
sign in to comment!
No comments posted yet!